[Event "*** Titled Tuesday Blitz"]
[Site "Chess.com"]
[Date "2020.11.03"]
[Round "5"]
[White "Kildepiotr"]
[Black "AryanTari"]
[Result "0-1"]
[WhiteElo "2648"]
[BlackElo "2897"]
[TimeControl "180+1"]
[EndTime "10:58:01 PST"]
[Termination "AryanTari won by resignation"]

1. Nf3 Nf6 2. g3 c5 3. Bg2 Nc6 4. O-O e5 5. d3 d5 6. Nbd2 Be7 7. e4 d4 8. Nc4 Qc7 9. a4 Bg4 10. h3 Bh5 11. Bd2 Nd7 12. Qe1 O-O 13. Nh2 f6 14. f4 b6 15. h4 exf4 16. gxf4 Rae8 17. Qg3 Kh8 18. Bf3 Bf7 19. Kh1 Rg8 20. Rg1 a6 21. h5 b5 22. axb5 axb5 23. Na5 Nb4 24. Bxb4 cxb4 25. Rg2 Bd6 26. h6 g5 27. Nb3 Bxf4 28. Qh3 Bxb3 29. cxb3 Ne5 30. Bh5 Ra8 31. Rxa8 Rxa8 32.
Rg1 Qc2 33. Nf1 Nxd3 34. Qe6 Nf2+ 35. Kg2 Nxe4+ 36. Kh1 Nf2+ 37. Kg2 Qe4+ 38. Qxe4 Nxe4 39. Bf3 f5 0-1

[Event "*** Titled Tuesday Blitz"]
[Site "Chess.com"]
[Date "2020.11.03"]
[Round "5"]
[White "ural58"]
[Black "IwkooO"]
[Result "0-1"]
[WhiteElo "2359"]
[BlackElo "2636"]
[TimeControl "180+1"]
[EndTime "10:58:03 PST"]
[Termination "IwkooO won by resignation"]

1. e4 c5 2. b3 d5 3. exd5 Qxd5 4. Nc3 Qd8 5. Nf3 Nc6 6. Bb5 Bd7 7. O-O Nf6 8. Bb2 e6 9. d4 cxd4 10. Nxd4 Nxd4 11. Qxd4 a6 12. Bxd7+ Qxd7 13. Qe3 Rc8 14. Na4 Nd5 15. Qd2 b5 16. c4 bxc4 17. bxc4 Rxc4 18.
Nc3 Bb4 19. Qd3 Rxc3 20. Bxc3 Bxc3 21. Rac1 Qc6 22. Rc2 O-O 23. Rfc1 Rc8 24. h3 g6 25. Qe4 Qc4 26. Qf3 h5 27. Qg3 Kg7 28. Qf3 Qf4 29. Qd3 Nb4 30. Qxa6 Nxa6 0-1

[Event "*** Titled Tuesday Blitz"]
[Site "Chess.com"]
[Date "2020.11.03"]
[Round "5"]
[White "DishonorOnYourCow"]
[Black "Karateloru"]
[Result "0-1"]
[WhiteElo "2415"]
[BlackElo "2709"]
[TimeControl "180+1"]
[EndTime "10:58:04 PST"]
[Termination "Karateloru won by resignation"]

1. d4 Nf6 2. c4 e6 3. Nf3 d5 4. Nc3 Be7 5. e3 O-O 6. b3 b6 7. Bb2 Bb7 8. Bd3 Nbd7 9. O-O a6 10. Qe2 Bd6 11. Rad1 Qe7 12. h3 c5 13. cxd5 exd5 14.
Rfe1 Rfe8 15. Na4 c4 16. Bb1 b5 17. Nc3 b4 18. Na4 c3 19. Bc1 Ne4 20. Qc2 a5 21.
Rf1 Ba6 22. Rfe1 Rac8 23. Ne5 Nxe5 24. dxe5 Qxe5 25. f4 Qh5 26. Nb6 Rc5 27. Rd4 g5 28.
Nxd5 gxf4 29. Qxe4 Rxe4 30. Nf6+ Kf8 31. Nxh5 Rxd4 32. exd4 Rxh5 33. Rf1 Rd5 34. Rf3 Rxd4 35. Bc2 Be2 36. Rf2 Bc5 37. Kh2 Bd3 38. Bxd3 Rxd3 39. Rf1 Be3 40. Re1 c2 41. Bxe3 fxe3 42. Rc1 e2 43.
Kg1 Rd1+ 0-1

[Event "*** Titled Tuesday Blitz"]
[Site "Chess.com"]
[Date "2020.11.03"]
[Round "5"]
[White "WildTricks"]
[Black "albi1999"]
[Result "0-1"]
[WhiteElo "2399"]
[BlackElo "2575"]
[TimeControl "180+1"]
[EndTime "10:58:08 PST"]
[Termination "albi1999 won on time"]

1. Nf3 d5 2. g3 Bg4 3. Bg2 Nd7 4. c4 e6 5. cxd5 exd5 6. O-O c6 7. d3 Ngf6 8. Nc3 Bc5 9. Qb3 Bb6 10. Na4 O-O 11. Nxb6 axb6 12. Qc2 Bxf3 13. Bxf3 d4 14. b4 Ne5 15.
Bg2 Nd5 16. Bd2 Re8 17. a4 Qd6 18. Qb2 Nf6 19. b5 Ned7 20. Bf4 Qe6 21. bxc6 bxc6 22.
Qxd4 c5 23. Qb2 Ra7 24. Rfe1 Nd5 25. Bd2 Rea8 26. Qb3 N7f6 27. Ra2 Ra6 28. Rb1 h6 29. e4 Ne7 30. Qxe6 fxe6 31. Bc3 Kf7 32. Rab2 Nd7 33. e5 Nd5 34. Bxd5 exd5 35. f4 Ke6 36. g4 d4 37.
Bd2 Rxa4 38. Re1 g6 0-1

[Event "*** Titled Tuesday Blitz"]
[Site "Chess.com"]
[Date "2020.11.03"]
[Round "5"]
[White "exoticprincess"]
[Black "Fy_Rakotomaharo"]
[Result "1-0"]
[WhiteElo "2880"]
[BlackElo "2626"]
[TimeControl "180+1"]
[EndTime "10:58:09 PST"]
[Termination "exoticprincess won by resignation"]

1. b3 e5 2. Bb2 Nc6 3. Nf3 e4 4. Nd4 Nf6 5. e3 d5 6. c4 Nxd4 7. Bxd4 Be7 8. Nc3 c6 9. cxd5 cxd5 10. Bb5+ Bd7 11. Qe2 O-O 12. Bxd7 Qxd7 13. O-O Rac8 14.
h3 a6 15. Na4 Rc6 16. Rac1 b5 17.
Nc5 Bxc5 18. Rxc5 Rxc5 19. Bxc5 Rc8 20. Bd4 Ne8 21. d3 Nd6 22. Rd1 Qe6 23. dxe4 Nxe4 24.
a4 bxa4 25. bxa4 Rc4 26. a5 h6 27. Rb1 Qc6 28. Qg4 Rc1+ 29. Kh2 Qc7+ 30. f4 f6 31. Qe6+ Kh7 32. Qf5+ Kg8 33. Qxd5+ Kh8 34. Rxc1 1-0

[Event "*** Titled Tuesday Blitz"]
[Site "Chess.com"]
[Date "2020.11.03"]
[Round "5"]
[White "tsvet2005"]
[Black "Piotrek1979"]
[Result "0-1"]
[WhiteElo "2706"]
[BlackElo "2469"]
[TimeControl "180+1"]
[EndTime "10:58:09 PST"]
[Termination "Piotrek1979 won by checkmate"]

1. d4 g6 2. c4 Bg7 3. e4 d6 4. Nc3 c5 5. d5 e6 6. Bd3 Ne7 7. Nf3 O-O 8. h3 a6 9. a4 exd5 10. cxd5 Nd7 11. O-O h6 12. Bf4 Qc7 13. Rc1 g5 14. Bg3 Ng6 15. b4 c4 16. Be2 Nde5 17. a5 Bd7 18. Na4 Bb5 19. Nb6 Rae8 20. Nxe5 Bxe5 21. Bxc4 Bxc4 22. Rxc4 Qe7 23. Bxe5 Nxe5 24. Rc3 f5 25. exf5 Rxf5 26. Qc2 Ref8 27. Rc7 Qf6 28. Rxb7 g4 29. hxg4 Nxg4 30. g3 Ne3 31. Qc7 Qg6 32. Re1 Rxf2 33. Qg7+ Qxg7 34. Rxg7+ Kxg7 35. Rxe3 Rf1+ 36. Kg2 h5 37. Re2 Rb1 38. Nc4 Rf6 39. Re7+ Kg6 40. Rd7 Rxb4 41. Nxd6 Rb2+ 42. Kh3 Rff2 43. g4 Rb3+ 44.
Kh4 Rh2# 0-1

[Event "*** Titled Tuesday Blitz"]
[Site "Chess.com"]
[Date "2020.11.03"]
[Round "5"]
[White "lacafi"]
[Black "serhanberat_ozdemir"]
[Result "0-1"]
[WhiteElo "2092"]
[BlackElo "2395"]
[TimeControl "180+1"]
[EndTime "10:58:09 PST"]
[Termination "serhanberat_ozdemir won by checkmate"]

1. d4 Nf6 2. Nf3 g6 3. c4 Bg7 4. Nc3 O-O 5. e4 d6 6. Be2 Bg4 7. O-O Nfd7 8. Be3 c5 9. d5 Na6 10. h3 Bxf3 11. Bxf3 Nc7 12. Be2 a6 13. a4 e6 14. Qd2 exd5 15. exd5 f5 16. Bg5 Bf6 17. Bxf6 Qxf6 18. a5 Rae8 19. Ra3 Qd4 20. Rd1 Qxd2 21. Rxd2 Rb8 22. Rb3 b6 23. axb6 Rxb6 24. Rxb6 Nxb6 25. g4 Kf7 26. gxf5 gxf5 27. Bf1 Kf6 28. Re2 Rg8+ 29. Kh2 Nxc4 30. b3 Ne5 31. f4 Nf3+ 32. Kh1 Rg1# 0-1

[Event "*** Titled Tuesday Blitz"]
[Site "Chess.com"]
[Date "2020.11.03"]
[Round "5"]
[White "Aleksey_Sorokin"]
[Black "WoolworthsManly"]
[Result "1-0"]
[WhiteElo "2883"]
[BlackElo "2673"]
[TimeControl "180+1"]
[EndTime "10:58:10 PST"]
[Termination "Aleksey_Sorokin won by resignation"]

1. d4 d5 2. c4 c6 3. Nf3 Nf6 4. e3 a6 5. Nc3 b5 6. b3 Bg4 7. Be2 Nbd7 8. h3 Bxf3 9. Bxf3 e6 10. O-O Bd6 11. a4 b4 12. Ne2 a5 13. Nf4 Bxf4 14.
exf4 O-O 15. Qd3 c5 16. cxd5 Nxd5 17. Bd2 cxd4 18. Rac1 Qb6 19. Bxd5 exd5 20. Rc2 Rac8 21. Rfc1 Rxc2 22. Rxc2 g6 23. Bc1 Nc5 24. Qxd4 Nxa4 25.
Qxd5 Nc3 26. Qf3 Qe6 27. Be3 Qxb3 28. Rd2 Nd5 29. Qxd5 1-0

[Event "*** Titled Tuesday Blitz"]
[Site "Chess.com"]
[Date "2020.11.03"]
[Round "5"]
[White "AlexOstrovskiy"]
[Black "MatyChess1"]
[Result "1-0"]
[WhiteElo "2799"]
[BlackElo "2577"]
[TimeControl "180+1"]
[EndTime "10:58:10 PST"]
[Termination "AlexOstrovskiy won by resignation"]

1. d4 Nf6 2. Bf4 d5 3. e3 c5 4. dxc5 Nc6 5. Bb5 e6 6. b4 a5 7. c3 Bd7 8. Qb3 Ne4 9. f3 g5 10. Bxc6 Bxc6 11. Be5 f6 12. Bd4 e5 13. fxe4 exd4 14.
cxd4 dxe4 15. b5 Bd5 16. Qc2 b6 17. c6 Bb4+ 18. Nc3 O-O 19. Ne2 Bc4 20. O-O Bd3 21. Qb3+ Kg7 22. Rf2 f5 23. Raf1 Bxc3 24. Qxc3 Qd5 25. a4 Rf6 26. Ng3 Bxf1 27. Nh5+ Kg6 28.
Nxf6 Kxf6 29. Rxf1 Kg6 30. c7 Rc8 31. Rc1 f4 32.
Qc6+ Qxc6 33. Rxc6+ Kf5 34. d5 Ke5 35. d6 Ke6 36.
Rxb6 fxe3 37. Kf1 Kd7 38. Rb8 1-0

[Event "*** Titled Tuesday Blitz"]
[Site "Chess.com"]
[Date "2020.11.03"]
[Round "5"]
[White "TurboSteen"]
[Black "Akhayan"]
[Result "0-1"]
[WhiteElo "2008"]
[BlackElo "2269"]
[TimeControl "180+1"]
[EndTime "10:58:10 PST"]
[Termination "Akhayan won on time"]

1. e4 e6 2. d4 d5 3. Bd3 dxe4 4.
Bxe4 Nf6 5. Bf3 c5 6. Ne2 Nc6 7. Be3 cxd4 8. Nxd4 Ne5 9. Nc3 a6 10.
Qe2 Qc7 11. O-O-O Nxf3 12. gxf3 Bb4 13. Rhg1 Bxc3 14. bxc3 Bd7 15. Rxg7 O-O-O 16. Rxf7 Nd5 17. Bd2 Qa5 18. Nb3 Qxa2 19. Qc4+ Kb8 20. Bf4+ Ka8 21. Rxd5 exd5 22. Qc7 Qa4 23. Be3 Qc6 24. Qa5 Qb5 25. Qc7 Qc6 0-1

[Event "*** Titled Tuesday Blitz"]
[Site "Chess.com"]
[Date "2020.11.03"]
[Round "5"]
[White "fyall777"]
[Black "CaspiIsrael"]
[Result "1-0"]
[WhiteElo "2452"]
[BlackElo "2598"]
[TimeControl "180+1"]
[EndTime "10:58:11 PST"]
[Termination "fyall777 won by checkmate"]

1. e4 e5 2. Nf3 Nc6 3. Bb5 g6 4. O-O Bg7 5. c3 a6 6. Ba4 d6 7. d4 b5 8. Bb3 exd4 9. Nxd4 Nxd4 10. cxd4 Nf6 11. e5 dxe5 12. dxe5 Qxd1 13. Rxd1 Ng4 14. f4 Bf8 15. Bd5 Bc5+ 16. Kf1 Nxh2+ 17. Ke1 Rb8 18.
Bc6+ Ke7 19. Nc3 Rd8 20. Nd5+ Kf8 21. b4 Bb6 22. Bb2 Be6 23. Nxb6 Rxd1+ 24. Rxd1 Rxb6 25.
Rd8+ Kg7 26. Bd7 Ng4 27. Bxe6 Rxe6 28. Rd7 Ne3 29. Kf2 Nc4 30. Bd4 Nb6 31. Rxc7 Nd5 32. Rc8 Nxf4 33. Rd8 Nd3+ 34. Ke3 Nxb4 35. Ke4 Nxa2 36.
Bc5 Nc3+ 37. Kd3 Na4 38. Bf8+ Kg8 39. Bh6+ Re8 40. Rxe8# 1-0

[Event "*** Titled Tuesday Blitz"]
[Site "Chess.com"]
[Date "2020.11.03"]
[Round "5"]
[White "KaterinaMiroshnik"]
[Black "Alexsur1981"]
[Result "0-1"]
[WhiteElo "2523"]
[BlackElo "2778"]
[TimeControl "180+1"]
[EndTime "10:58:12 PST"]
[Termination "Alexsur1981 won by resignation"]

1. d3 d5 2. c3 c5 3. g3 Nc6 4. Bg2 Nf6 5. Nf3 Bg4 6. O-O e6 7. Nbd2 Be7 8. Qc2 O-O 9. a4 Rc8 10. e3 Qc7 11. b3 Rfd8 12. Ba3 Bh5 13. c4 dxc4 14. Nxc4 Bg6 15. e4 Bh5 16. Ncd2 Nb4 17. Bxb4 cxb4 18. Nc4 Bc5 19. Rac1 Bxf3 20. Bxf3 Bd4 21.
Be2 Nd7 22. Kg2 Nb8 23. f4 Nc6 24. e5 Bc3 25. Bf3 Nd4 26. Qd1 b6 27. Ne3 Qc5 28. Nc4 a6 29. Nd6 Rxd6 30. exd6 Qxd6 31. Re1 Rd8 32. Re3 Qb8 33. Rb1 b5 34. axb5 Qxb5 35. Qf1 a5 36. Be2 Nxb3 37. d4 Qd7 38. Bf3 Nd2 39.
Qd1 Nxb1 40. Qxb1 Qxd4 41. Re2 a4 42. f5 exf5 43. Qxf5 g6 44. Qa5 b3 45. Kh3 Bxa5 0-1

[Event "*** Titled Tuesday Blitz"]
[Site "Chess.com"]
[Date "2020.11.03"]
[Round "5"]
[White "Zkid"]
[Black "BegmuratovKh2010"]
[Result "1-0"]
[WhiteElo "2794"]
[BlackElo "2460"]
[TimeControl "180+1"]
[EndTime "10:58:14 PST"]
[Termination "Zkid won by resignation"]

1. e4 e5 2. Nf3 Nc6 3. Bc4 Nf6 4. d3 Be7 5. c3 O-O 6. O-O d6 7. a4 Bg4 8. h3 Bh5 9. Re1 a6 10. Nbd2 Rb8 11. b4 b5 12. Bb3 Qd7 13. Nf1 Rfe8 14.
Ng3 Bg6 15. Bb2 Bf8 16. axb5 axb5 17. Nh4 Kh8 18. Qf3 Ra8 19. Ngf5 h6 20. Nxh6 Rxa1 21. Rxa1 Bh5 22. g4 Bg6 23. Nxg6+ fxg6 24. Nf7+ Kh7 25. Qg3 Re7 26. Qh4+ 1-0

[Event "*** Titled Tuesday Blitz"]
[Site "Chess.com"]
[Date "2020.11.03"]
[Round "5"]
[White "Vi_Los"]
[Black "Ariadna_Atreides"]
[Result "1-0"]
[WhiteElo "2329"]
[BlackElo "2111"]
[TimeControl "180+1"]
[EndTime "10:58:14 PST"]
[Termination "Vi_Los won by resignation"]

1. e4 c5 2. Nf3 d6 3. Bb5+ Bd7 4. Bxd7+ Qxd7 5. c4 Nf6 6. Nc3 e5 7. O-O Be7 8. d3 O-O 9. a3 Nc6 10. Rb1 b6 11. b4 Nd4 12. Nd5 Nxd5 13. cxd5 Qg4 14.
Nxd4 Qxd1 15. Rxd1 cxd4 16. a4 f5 17. f3 fxe4 18. dxe4 Rac8 19. Bd2 Rc2 20. Rbc1 Rfc8 21. Kf1 Kf7 22. Ke1 h6 23. Rxc2 Rxc2 24. a5 Bg5 25. axb6 Bxd2+ 26. Rxd2 Rxd2 27. b7 Rxg2 28. b8=Q Rxh2 29.
Qc7+ Kg6 30. Qxd6+ Kg5 31. Qxe5+ Kh4 32. Qxh2+ 1-0

[Event "*** Titled Tuesday Blitz"]
[Site "Chess.com"]
[Date "2020.11.03"]
[Round "5"]
[White "vanyakuba"]
[Black "orestn"]
[Result "1-0"]
[WhiteElo "2518"]
[BlackElo "2361"]
[TimeControl "180+1"]
[EndTime "10:58:15 PST"]
[Termination "vanyakuba won by resignation"]

1. e4 e5 2. Nf3 Nc6 3. Bb5 a6 4. Ba4 Nf6 5. d3 d6 6. c3 Be7 7. Nbd2 O-O 8. Nf1 b5 9. Bb3 Bb7 10. Ng3 h6 11. O-O Re8 12. Nf5 Bf8 13. Re1 Ne7 14.
N3h4 Nxf5 15. Nxf5 d5 16. Qf3 c5 17. Qg3 Kh8 18. Qh4 c4 19. Bg5 Re6 20. exd5 Bxd5 21.
dxc4 bxc4 22. Bc2 Kg8 23. Be3 Qc7 24. Rad1 Qc6 25. Qg3 Nh5 26. Qh3 Nf6 27. Qg3 Kh8 28.
f3 Rae8 29. Qh4 Bc5 30. Qf2 Bxe3 31. Nxe3 Qb7 32. Nxd5 Nxd5 33. Be4 Rd6 34. Rd2 Red8 35. Red1 Qb5 36. b3 cxb3 37. axb3 Nxc3 38. Rxd6 Nxd1 39. Rxd8+ 1-0

[Event "*** Titled Tuesday Blitz"]
[Site "Chess.com"]
[Date "2020.11.03"]
[Round "5"]
[White "Pilopa"]
[Black "Sacbutt"]
[Result "1-0"]
[WhiteElo "2480"]
[BlackElo "2305"]
[TimeControl "180+1"]
[EndTime "10:58:15 PST"]
[Termination "Pilopa won by resignation"]

1. e4 c5 2. Nf3 d6 3. d4 cxd4 4.
Nxd4 Nf6 5. Nc3 a6 6. h3 e5 7. Nb3 Be7 8. Be3 Be6 9. Qf3 Nbd7 10. g4 h6 11. O-O-O Qc7 12. Kb1 Rc8 13. Bd3 b5 14. a3 Nc5 15. Nxc5 dxc5 16. Nd5 Bxd5 17. exd5 c4 18.
Bf5 Rd8 19. h4 g6 20. g5 hxg5 21. hxg5 Rxh1 22. Rxh1 Nxd5 23. Bxg6 fxg6 24. Rh8+ Kd7 25. Qxd5+ Kc8 26. Qa8+ Kd7 27. Rxd8+ Qxd8 28. Qxa6 Bxg5 29. Qxb5+ Kd6 30. Qc5+ Ke6 31. Qxc4+ Kf5 32. Bxg5 Qxg5 33. a4 Qg1+ 34. Ka2 Qxf2 35. Qf7+ 1-0

[Event "*** Titled Tuesday Blitz"]
[Site "Chess.com"]
[Date "2020.11.03"]
[Round "5"]
[White "InitiatingASC"]
[Black "Nikolaj_6"]
[Result "1-0"]
[WhiteElo "2398"]
[BlackElo "2540"]
[TimeControl "180+1"]
[EndTime "10:58:18 PST"]
[Termination "InitiatingASC won by resignation"]

1. Nf3 Nf6 2. b3 g6 3. Bb2 Bg7 4. e3 O-O 5. c4 c5 6. Be2 Nc6 7. O-O a6 8. d3 Rb8 9. Nbd2 b5 10. cxb5 axb5 11. a3 d6 12. Qc2 Bd7 13. Rfc1 Qb6 14. d4 cxd4 15. Nxd4 Nxd4 16. Bxd4 Qa5 17. b4 Qd8 18. Nb3 e5 19. Bb2 Qe7 20. Na5 Rfc8 21. Qd1 h5 22. Rxc8+ Rxc8 23. Rc1 Rxc1 24. Qxc1 Ne8 25.
Bf1 Qd8 26. Qc3 Qb6 27. Qd3 Nc7 28. Qc2 d5 29. Qc5 Qxc5 30. bxc5 Bf8 31. Bxe5 Ne6 32. c6 Bc8 33. Bxb5 Bxa3 34. Nb7 Be7 35. Nd6 Bxd6 36. Bxd6 f5 37. Kf1 Kf7 38. Ba4 Ng5 39. Bf4 Ne4 40.
f3 Nc3 41. Bb3 Ke6 42. Ke1 Ba6 43. Kd2 Ne2 44. Bb8 Bb5 45. c7 Kd7 46. Bxd5 1-0

[Event "*** Titled Tuesday Blitz"]
[Site "Chess.com"]
[Date "2020.11.03"]
[Round "5"]
[White "BabyFacedAssasin"]
[Black "petrkostenko"]
[Result "1-0"]
[WhiteElo "2262"]
[BlackElo "2448"]
[TimeControl "180+1"]
[EndTime "10:58:19 PST"]
[Termination "BabyFacedAssasin won by resignation"]

1. e4 e6 2. d4 d5 3. Nc3 Nf6 4. e5 Nfd7 5. f4 c5 6. Nf3 Nc6 7. Be3 a6 8. Qd2 b5 9. Be2 Qb6 10. O-O Bb7 11. Nd1 b4 12. c3 Rc8 13. Bf2 Be7 14. Ne3 bxc3 15. bxc3 f5 16. exf6 Nxf6 17. f5 Ne4 18. Qd3 cxd4 19. Nxd4 Nxd4 20. cxd4 Rc3 21. Rab1 Qc7 22. Qd1 Nxf2 23. Rxf2 Rxe3 24. Bh5+ Kd8 25. fxe6 Bf6 26. Rc2 Qe7 27. Rcb2 Bc8 28.
Qd2 Re4 29. Qa5+ Qc7 30. Qxd5+ Ke7 31. Qxe4 Rd8 32. Rb7 Bxd4+ 33. Kf1 Bxb7 34. Rxb7 Qxb7 35. Qxb7+ Kxe6 36. Qe4+ Be5 37. Bg4+ Kd6 38. Qb4+ Kc6 39. Qc4+ Kd6 40. Qe6+ 1-0

[Event "*** Titled Tuesday Blitz"]
[Site "Chess.com"]
[Date "2020.11.03"]
[Round "5"]
[White "salomez"]
[Black "esrosenberg"]
[Result "0-1"]
[WhiteElo "2136"]
[BlackElo "2331"]
[TimeControl "180+1"]
[EndTime "10:58:21 PST"]
[Termination "esrosenberg won by resignation"]

1. e4 c6 2. d4 d5 3. e5 c5 4. dxc5 e6 5. a3 Bxc5 6. Qg4 Ne7 7. Qxg7 Rg8 8. Qxh7 Nbc6 9. Nf3 Qb6 10. Nc3 Bxf2+ 11.
Kd1 Bd7 12. Bd2 a6 13. Kc1 Be3 14. Qd3 Bxd2+ 15. Qxd2 Nf5 16. Bd3 Nfd4 17. Rf1 Nxf3 18. Rxf3 Qg1+ 19. Rf1 Qxg2 20. Qf4 Qg5 21. Qxg5 Rxg5 22.
h4 Rxe5 23. Rh1 Rh5 24. Ne2 Ke7 25. Nf4 Rh6 26. h5 Rg8 27. Kd2 Ne5 28. Rae1 Nf3+ 29. Kc3 Nxe1 30. Rxe1 Kd6 31. Rh1 Rg4 32. Ne2 e5 33.
Kd2 e4 0-1

[Event "*** Titled Tuesday Blitz"]
[Site "Chess.com"]
[Date "2020.11.03"]
[Round "5"]
[White "SARGISMV"]
[Black "AsaHoffmann"]
[Result "1-0"]
[WhiteElo "2480"]
[BlackElo "2304"]
[TimeControl "180+1"]
[EndTime "10:58:22 PST"]
[Termination "SARGISMV won by resignation"]

1. Nf3 d6 2. b3 e5 3. Bb2 Nf6 4. d3 Be7 5. Nbd2 O-O 6. e4 c6 7. g3 Be6 8. Bg2 h6 9. O-O Qd7 10. Re1 Bg4 11. Qe2 Na6 12. Qf1 Rfe8 13. h3 Be6 14. Kh2 Bf8 15. Nh4 Nh7 16. f4 exf4 17.
gxf4 f5 18. Qf2 Nc7 19. Qg3 Qf7 20. Rg1 g5 21. Nxf5 Bxf5 22. exf5 Qxf5 23. Be4 Rxe4 24.
dxe4 Qf7 25. fxg5 hxg5 26. Raf1 Qg6 27. Nf3 Be7 28. Qg4 Ne6 29. Nd4 Nxd4 30. Bxd4 Rf8 31. Rxf8+ Nxf8 32. h4 Ne6 33. Be3 Kg7 34. Bxg5 Bxg5 35.
hxg5 Nd4 36. Rf1 Qe6 37. Qxe6 Nxe6 38. Rf6 Nxg5 39. Rxd6 Nxe4 40. Rd7+ Kf6 41. Rxb7 a5 42. Ra7 Ke5 43. Rxa5+ Kd4 44. Ra4+ Kd5 45. Rxe4 Kxe4 46.
a4 Kd4 47. Kg3 c5 48. Kf2 Kc3 49. a5 Kxc2 50. a6 Kxb3 51. a7 c4 52. a8=Q c3 53. Qa1 Kc2 54. Ke2 1-0

[Event "*** Titled Tuesday Blitz"]
[Site "Chess.com"]
[Date "2020.11.03"]
[Round "5"]
[White "obliviate12"]
[Black "LimeInTheCoconut"]
[Result "1-0"]
[WhiteElo "2720"]
[BlackElo "2438"]
[TimeControl "180+1"]
[EndTime "10:58:23 PST"]
[Termination "obliviate12 won by resignation"]

1. e4 c6 2. Nf3 d5 3. d3 dxe4 4. dxe4 Qxd1+ 5. Kxd1 Nf6 6. Nfd2 e5 7. f3 h5 8. Nc4 Nbd7 9. a4 h4 10. a5 a6 11. Be3 Nh5 12. Nbd2 f6 13. c3 Bc5 14.
b4 Bxe3 15. Nxe3 Nf8 16. Ndc4 Ke7 17. Nb6 Rb8 18. Bc4 g6 19. Kc2 Be6 20. Rhd1 Nf4 21. Bxe6 N4xe6 22. Rd2 Rd8 23. Rad1 Rxd2+ 24. Rxd2 Rh5 25.
Nec4 Rg5 26. Nc8+ Kf7 27. N8d6+ Ke7 28. Nxb7 Nf4 29. Ne3 N8e6 30. Nd6 h3 31. g4 Ng2 32. Ndc4 Nef4 33. Nf1 f5 34. Nxe5 fxe4 35. Nxc6+ Ke6 36. fxe4 Rxg4 37. b5 Nh4 38. bxa6 Rg1 39. a7 Rxf1 40. a8=Q 1-0

[Event "*** Titled Tuesday Blitz"]
[Site "Chess.com"]
[Date "2020.11.03"]
[Round "5"]
[White "Rital44"]
[Black "MariaFominykh"]
[Result "0-1"]
[WhiteElo "2467"]
[BlackElo "2333"]
[TimeControl "180+1"]
[EndTime "10:58:23 PST"]
[Termination "MariaFominykh won by resignation"]

1. e4 d6 2. d4 Nf6 3. Nc3 Nbd7 4. Nf3 e5 5. Bc4 Be7 6. Ng5 O-O 7. Bxf7+ Rxf7 8.
Ne6 Qe8 9. Nxc7 Qd8 10. Nxa8 b5 11. dxe5 dxe5 12. Nd5 Nxe4 13. Be3 Bd6 14. Qd3 Ndc5 15.
Bxc5 Nxc5 16. Qxb5 Bd7 17. Qc4 Qxa8 18. O-O-O Be6 19.
b4 Nd7 20. f4 Rxf4 21. Ne7+ Kf7 22. Qc6 Qxc6 23. Nxc6 Bxb4 24. g3 Re4 25. Rhf1+ Ke8 26.
Rd6 Bxd6 27. Nxa7 Ba3+ 28. Kd2 Rd4+ 29. Kc3 Rc4+ 30. Kd3 Nc5+ 31. Ke3 Rc3+ 32. Kd2 Ne4+ 33. Ke2 Bc4+ 0-1

[Event "*** Titled Tuesday Blitz"]
[Site "Chess.com"]
[Date "2020.11.03"]
[Round "5"]
[White "enestnrvrd"]
[Black "S2PAc"]
[Result "0-1"]
[WhiteElo "2610"]
[BlackElo "2861"]
[TimeControl "180+1"]
[EndTime "10:58:24 PST"]
[Termination "S2PAc won by resignation"]

1. d4 Nf6 2. Bf4 g6 3. e3 Bg7 4. h3 O-O 5. Nf3 d5 6. Nbd2 c5 7. c3 Qb6 8. Qb3 c4 9. Qc2 Bf5 10. Qc1 Nc6 11. Be2 Nd7 12. O-O e5 13. dxe5 Nc5 14.
Rd1 Bd3 15. Bxd3 Nxd3 16. Qc2 Qxb2 17. Qxb2 Nxb2 18. Rdc1 Nd3 19. Rc2 b5 20. Rb1 a6 21.
Bg3 Ndxe5 22. Nxe5 Bxe5 23. Bxe5 Nxe5 24. Rd1 a5 25. Nf3 Nd3 26. Ne1 Nxe1 27. Rxe1 b4 28.
Rb1 Rfb8 29. Rcb2 Rb6 30. cxb4 c3 31. Rc2 axb4 32. Rxc3 bxc3 33. Rxb6 Rxa2 34. Rc6 c2 35. Kh2 Kf8 36. Kg3 Ke7 37. f3 Kd7 38. Rc3 h6 39. Kf4 Ra4+ 40. Ke5 Rc4 41. Rxc4 dxc4 42. Kd4 c1=Q 0-1

[Event "*** Titled Tuesday Blitz"]
[Site "Chess.com"]
[Date "2020.11.03"]
[Round "5"]
[White "lider34"]
[Black "AliKa2810"]
[Result "1-0"]
[WhiteElo "2406"]
[BlackElo "2553"]
[TimeControl "180+1"]
[EndTime "10:58:24 PST"]
[Termination "lider34 won by resignation"]

1. e4 c6 2. d4 d5 3. exd5 cxd5 4. c4 Nf6 5. Nc3 e6 6. Nf3 Bb4 7. cxd5 Nxd5 8. Qc2 Nc6 9. Bd3 h6 10. O-O O-O 11. a3 Be7 12. Rd1 Bf6 13. Be4 Nce7 14. Ne5 Bd7 15. Qe2 Rc8 16. Bd2 Bc6 17. Bd3 Nxc3 18.
bxc3 Ba4 19. Rdb1 Qc7 20. Qe4 g6 21. Rxb7 Qd6 22. Bxh6 Rfd8 23. Rxa7 Bxe5 24. Rxa4 Bxh2+ 25. Kh1 Rxc3 26. Bg5 Rdc8 27. Bxe7 Rc1+ 28. Bf1 Qd7 29. Rxc1 Rxc1 30. Ra8+ Kg7 31. Bf8+ Kh7 32. Qh4+ 1-0

[Event "*** Titled Tuesday Blitz"]
[Site "Chess.com"]
[Date "2020.11.03"]
[Round "5"]
[White "ChristianAlm"]
[Black "Godzillator"]
[Result "0-1"]
[WhiteElo "2522"]
[BlackElo "2317"]
[TimeControl "180+1"]
[EndTime "10:58:24 PST"]
[Termination "Godzillator won by resignation"]

1. d4 d5 2. Bf4 c5 3. e3 cxd4 4. exd4 Nc6 5. Nf3 Nf6 6. Nc3 Bg4 7. Nb5 Rc8 8. Be2 e6 9. O-O a6 10. Nc3 Bb4 11. Nb1 O-O 12. c3 Bd6 13. Bg5 b5 14. Nbd2 Na5 15. Re1 Nc4 16. Nxc4 bxc4 17. Ne5 Bf5 18. f4 Be7 19. Bf3 Ne4 20. Bxe7 Qxe7 21. g4 Bg6 22. Nxg6 hxg6 23. Bxe4 dxe4 24. Rxe4 Qb7 25. Qe2 Rb8 26. Rb1 Qc6 27. Qg2 Rb5 28. Re5 Qb6 29. Rxb5 Qxb5 30. a3 Rb8 31. Qe4 a5 32. Qe5 Qb6 33. h4 a4 34. h5 gxh5 35.
gxh5 Rd8 36. h6 gxh6 37. Kh2 Rd5 38. Rg1+ Kf8 39. Qh8+ Ke7 40. Qxh6 Qxb2+ 41. Rg2 Qb5 42. Qh4+ Kd7 43. Qf6 Rf5 44. Qh8 Rh5+ 0-1

[Event "*** Titled Tuesday Blitz"]
[Site "Chess.com"]
[Date "2020.11.03"]
[Round "5"]
[White "Zarikovs1999"]
[Black "juancruzarias"]
[Result "0-1"]
[WhiteElo "2342"]
[BlackElo "2559"]
[TimeControl "180+1"]
[EndTime "10:58:25 PST"]
[Termination "juancruzarias won on time"]

1. e4 e6 2. d4 d5 3. Nc3 Nf6 4. e5 Nfd7 5. f4 c5 6. Nf3 Nc6 7. Be3 cxd4 8. Nxd4 Bc5 9. Qd2 O-O 10. O-O-O a6 11. Kb1 Nxd4 12. Bxd4 b5 13. Bxc5 Nxc5 14. Qd4 Qc7 15. g4 Rb8 16. Ne2 b4 17. Bg2 a5 18.
Rhf1 Ba6 19. Rfe1 Rfc8 20. Nc1 Na4 21. Rd2 Nc3+ 22. Ka1 a4 23. Nd3 Bxd3 24. Qxd3 a3 25. bxc3 bxc3 26. Rdd1 Rb2 27. Rb1 Qb6 28. Rec1 Rb8 29.
Qd1 Qb4 30. Bf1 Qxf4 31. Bd3 Qxe5 32. Qe1 Qd4 33. g5 e5 34. h4 e4 35. Bf1 Qe5 36. Rd1 d4 37. Rxb2 Rxb2 38. Rb1 Qb8 39. Qc1 Qb4 40. Qd1 g6 41. Be2 Kg7 42. Bf1 d3 43. cxd3 c2 44. Qc1 cxb1=Q+ 0-1

[Event "*** Titled Tuesday Blitz"]
[Site "Chess.com"]
[Date "2020.11.03"]
[Round "5"]
[White "chessdjw"]
[Black "TheCavemanChesss"]
[Result "0-1"]
[WhiteElo "2658"]
[BlackElo "2469"]
[TimeControl "180+1"]
[EndTime "10:58:25 PST"]
[Termination "TheCavemanChesss won by resignation"]

1. d4 Nf6 2. c4 e6 3. Nf3 d5 4. g3 Be7 5. Bg2 O-O 6. O-O dxc4 7.
Qa4 a6 8. Qxc4 b5 9. Qc2 Bb7 10. Bd2 Be4 11. Qc1 Nbd7 12. Ba5 Rc8 13. Nc3 Ba8 14. Rd1 Qe8 15. b4 Nb6 16. Nd2 Bxg2 17. Kxg2 Nfd5 18. Rb1 f5 19. e3 h5 20. h4 Qg6 21. Nf3 Nc4 22. Ne5 Nxe5 23. Nxd5 exd5 24.
dxe5 c6 25. Bb6 Bxh4 26. Rh1 Be7 27. Kf1 h4 28. gxh4 f4 29. exf4 Qe4 30. Rh3 Rxf4 31. h5 Rg4 32. Rbb3 Qg2+ 33. Ke2 Re4+ 34. Rbe3 Qxh3 35. Rxe4 dxe4 0-1